 Dungeon Crawl Stone Soup version 0.30-a0-168-g0b976cbdc4 (webtiles) character file.

Game seed: 7478910811447064777

25 KennySheep the Slasher (level 3, 0/22 HPs)
             Began as a Tengu Gladiator on Sept 30, 2022.
             Was an Initiate of Ashenzari.
             Slain by Sigmund
             ... wielding a +0 scythe
              (9 damage)
             ... on level 2 of the Dungeon.
             The game lasted 00:02:06 (1413 turns).

KennySheep the Slasher (Tengu Gladiator)            Turns: 1413, Time: 00:02:07

Health: 0/22       AC:  3    Str: 14    XL:     3   Next: 6%
Magic:  4/4        EV: 13    Int:  8    God:    Ashenzari [......]
Gold:   58         SH:  0    Dex: 17    Spells: 2/2 levels left

rFire   . . .      SeeInvis .    a - +0 long sword
rCold   . . .      Faith    .    (no shield)
rNeg    . . .      Spirit   .    b - +0 leather armour
rPois   .          Reflect  .    c - +0 hat of the Celestial Augur {Comp, Fort} (curse)
rElec   .          Harm     .    (no cloak)
rCorr   .          Rampage  .    (no gloves)
Will    +....                    (boots unavailable)
Stlth   ++........               (no amulet)
HPRegen 0.07/turn                f - ring of willpower
MPRegen 0.09/turn                (no ring)

@: flying
A: beak, talons 3
a: Renounce Religion, Shatter the Chains


You were on level 2 of the Dungeon.
You worshipped Ashenzari.
Ashenzari was noncommittal.
You visited 1 branch of the dungeon, and saw 2 of its levels.

You collected 58 gold pieces.

Inventory:

Hand Weapons
 a - a +0 long sword (weapon)
Missiles
 d - 3 throwing nets (quivered)
 e - a javelin
Armour
 b - a +0 leather armour (worn)
 c - the cursed +0 hat of the Celestial Augur (worn) {Comp, Fort}

   It has a curse which improves the following skills: Companions: Summonings
   and Necromancy.
   Fortitude: Armour and Shields.
Jewellery
 f - a ring of willpower (left hand)
Scrolls
 g - 2 scrolls of identify
 h - a scroll of vulnerability
 i - a scroll of silence {unknown}
 k - a scroll of enchant armour {unknown}


   Skills:
 + Level 2.3 Fighting
 * Level 3.8 Long Blades
 - Level 2.0 Throwing
 + Level 3.5 Dodging
 + Level 1.0 Stealth


You had 2 spell levels left.
You didn't know any spells.
Your spell library contained the following spells:

 Spells                   Type           Power      Damage    Failure   Level
 Shock                    Conj/Air       0%         1d3       50%         1
 Slow                     Hex            0%         N/A       50%         1
 Confusing Touch          Hex            0%         N/A       86%         3
 Swiftness                Air            0%         N/A       86%         3
 Vampiric Draining        Necr           0%         2d6       86%         3
 Airstrike                Air            0%         2d(0-16)  99%         4
 Summon Lightning Spire   Summ/Air       0%         N/A       99%         4
 Lightning Bolt           Conj/Air       0%         1d11      100%        5


Dungeon Overview and Level Annotations

Branches:
Dungeon (2/15)

Altars:
Ashenzari

Annotations:
D:2 Jessica, Sigmund


Innate Abilities, Weirdness & Mutations

You have a beak for a mouth.
You have claws for feet.


Message History

You feel agile. x2
You slash the giant cockroach!
You kill the giant cockroach!
HP restored.
Things that are here:
a +0 dagger; a giant cockroach corpse; a kobold corpse Jessica the Apprentice Sorceress comes into view.
She is wielding a +0 dagger.
Jessica gestures wildly while chanting.
Jessica blinks!
Jessica is nearby!
A goblin comes into view. It is wielding a +0 dagger.
Jessica mumbles some strange words.
Jessica blinks!
The goblin shouts!
The goblin throws a stone.
The stone hits you.
Sigmund the Dreaded comes into view.
He is wielding a +0 scythe.
Sigmund moves out of view.
An endoplasm comes into view.
Okay, then.
Okay, then.
It was a potion of flight.
You feel very buoyant.
You fly up into the air.
Sigmund shouts!
The endoplasm quivers.
You hit the goblin.
The goblin is severely wounded.
The goblin misses you.
As you read the scroll labelled QACZIEHIULL, it crumbles to dust.
It is a scroll of identify.
h - a scroll of vulnerability Sigmund hits you but does no damage.
The goblin closely misses you.
You closely miss the goblin. Your peck misses the goblin.
The goblin is heavily wounded.
The goblin barely misses you. Jessica casts a spell at you.
Pain shoots through your body!
Ouch! That really hurt!
Sigmund hits you from afar with a +0 scythe!
You die...

..... ....
#... #
##....# ..J#.
..@ .
#g####...
####@@.....#
###
#......##.##
+...##......#
#.........#
####.#....#
#.###### #.#
#.# #)##


You could see Sigmund, Jessica, an endoplasm and a goblin.

Vanquished Creatures
  A ball python (D:1)
  A bat (D:1)
  4 endoplasms (D:1)
  2 giant cockroaches
  2 goblins (D:1)
  4 hobgoblins (D:1)
  A quokka (D:1)
  3 kobolds
  3 rats (D:1)
21 creatures vanquished.

Vanquished Creatures (others)
  8 plants (D:1)
8 creatures vanquished.

Grand Total: 29 creatures vanquished

Notes
Turn   | Place    | Note
-------+----------+-------------------------------------------
     0 | D:1      | KennySheep the Tengu Gladiator began the quest for the Orb.
     0 | D:1      | Reached XP level 1. HP: 12/12 MP: 2/2
   186 | D:1      | Reached XP level 2. HP: 12/17 MP: 3/3
   795 | D:1      | Found a faded altar of an unknown god.
   798 | D:1      | Prayed at the altar of an unknown god.
   798 | D:1      | Became a worshipper of Ashenzari the Shackled
   896 | D:1      | Reached skill level 1 in Stealth
  1279 | D:2      | Reached XP level 3. HP: 12/21 MP: 4/4
  1405 | D:2      | Noticed Jessica
  1408 | D:2      | Noticed Sigmund
  1413 | D:2      | Slain by Sigmund

Illustrated notes

Levels and vault maps discovered:
D:1:      dpeg_arrival_round_b, layout_rooms,
          shapermc_ecumenical_altar_hornbeckon
D:2:      layout_basic, uniq_sigmund, uniq_jessica

Skill      XL: |  1  2 |
---------------+-------+-----
Stealth        | 1 |  1.0
Fighting       | |  2.3
Long Blades    | |  3.8
Throwing       | |  2.0
Dodging        | |  3.5

Action                   || total
-------------------------++-------
Melee: Long sword        ||    60
       Kick              ||    10
       Peck              ||     9
Invok: Curse Item        ||     1
  Use: Scroll            ||     1
       Potion            ||     1
Armor: Leather armour    ||    11
Dodge: Dodged            ||    47

Table legend: (Time is in decaauts)
 A = Elapsed time spent in this place.
 B = Non-inter-level travel time spent in this place.
 C = Inter-level travel time spent in this place.
 D = Time resting spent in this place.
 E = Time spent auto-exploring this place.
 F = Levels seen in this place.
 G = Mean time per level.
                   A        B        C        D        E       F      G
               +--------+--------+--------+--------+--------+-----+--------+
         Total |   1430 |   1416 |     14 |    375 |    857 |   2 |  715.0 |
       Dungeon |   1430 |   1416 |     14 |    375 |    857 |   2 |  715.0 |
               +--------+--------+--------+--------+--------+-----+--------+

Top non-repeatable levels by time:
     D:1: 1200 daAuts
     D:2: 230 daAuts
